 Dungeon Crawl Stone Soup version 0.28-a0-105-g49a0850c41 (webtiles) character file.

Game seed: 6165408476059017296

29 ipx the Chiller (level 3, -5/19 HPs)
             Began as a Deep Elf Ice Elementalist on Aug 11, 2021.
             Slain by a gnoll (13 damage)
             ... on level 2 of the Dungeon.
             The game lasted 00:05:28 (360 turns).

ipx the Chiller (Deep Elf Ice Elementalist)          Turns: 360, Time: 00:05:29

Health: -5/19      AC:  2    Str:  5    XL:     3   Next: 1%
Magic:  6/9        EV: 12    Int: 20    God:
Gold:   39         SH:  0    Dex: 15    Spells: 7/8 levels left

rFire   . . .      SeeInvis .   (no weapon)
rCold   . . .      Faith    .   (no shield)
rNeg    . . .      Spirit   .   d - +0 robe
rPois   .          Reflect  .   (no helmet)
rElec   .          Harm     .   (no cloak)
rCorr   .          Rampage  .   (no gloves)
Will    .....                   (no boots)
Stlth   ++........              (no amulet)
HPRegen 0.06/turn               (no ring)
MPRegen 0.11/turn               (no ring)

@: no status effects
A: no striking features
a: no special abilities


You were on level 2 of the Dungeon.
You visited 1 branch of the dungeon, and saw 3 of its levels.

You collected 39 gold pieces.

Inventory:

Hand Weapons
 a - a +0 quarterstaff
Missiles
 j - 7 poisoned darts (quivered)
Armour
 d - a +0 robe (worn)
Scrolls
 e - 3 scrolls of brand weapon {unknown}
 f - a scroll of torment {unknown}
 i - a scroll of enchant armour {unknown}
Potions
 b - a potion of cancellation {unknown}
 c - a potion of experience {unknown}
 g - a potion of heal wounds {unknown}
 h - a potion of haste {unknown}


   Skills:
 - Level 2.4 Dodging
 - Level 2.4 Stealth
 - Level 3.0 Spellcasting
 + Level 5.5 Ice Magic


You had 7 spell levels left.
You knew the following spells:

 Your Spells              Type           Power      Damage    Failure   Level
z - Freeze                Ice            100%       1d11      1%          1

Your spell library contained the following spells:

 Spells                   Type           Power      Damage    Failure   Level
 Frozen Ramparts          Ice            50%        1d7       4%          3
 Ozocubu's Armour         Ice            25%        N/A       4%          3
 Slow                     Hex            3%         N/A       22%         2
 Confusing Touch          Hex            3%         N/A       38%         3
 Vampiric Draining        Necr           1%         2d6       38%         3
 Hailstorm                Conj/Ice       14%        3d5       41%         4


Dungeon Overview and Level Annotations

Branches:
Dungeon (3/15)

Altars:

Annotations:
D:1 exclusion: downstairs


Message History

Throw: 8 darts (poison)
Press: ? - help, Q - select action, (/) - cycle Shift-Dir - straight line, f - gnoll
Aim: a gnoll, wielding a +0 spear and wearing a +0 robe (61% to hit)
You throw a poisoned dart. The poisoned dart hits the gnoll.
The gnoll is poisoned.
The gnoll hits you with a +0 spear.
Things that are here:
a +0 club; 3 stones; a kobold corpse
Casting: Freeze (safe; 1% risk of failure)
Confirm with . or Enter, or press ? or * to list all spells.
Aiming: Freeze (safe; 1% risk of failure)
Press: ? - help, Shift-Dir - straight line, f/p - gnoll
Aim: a gnoll, wielding a +0 spear and wearing a +0 robe (lightly wounded, poisoned)
You freeze the gnoll.
The gnoll is moderately wounded.
Casting: Freeze (safe; 1% risk of failure)
Confirm with . or Enter, or press ? or * to list all spells.
Aiming: Freeze (safe; 1% risk of failure)
Press: ? - help, Shift-Dir - straight line, f/p - gnoll
Aim: a gnoll, wielding a +0 spear and wearing a +0 robe (heavily wounded, poisoned)
You freeze the gnoll!
You kill the gnoll!
The gnoll throws a throwing net.
The throwing net hits you.
You become entangled in the net!
You have reached level 3!
Your experience leads to an increase in your attributes!
Increase (S)trength, (I)ntelligence, or (D)exterity?
You feel clever.
Okay, then.
Okay, then.
Unknown command.
You struggle against the net.
You struggle against the net.
You struggle against the net.
The gnoll hits you from afar with a +0 halberd!
Ouch! That really hurt!
You shred the net and break free!
The gnoll hits you from afar with a +0 halberd!
Ouch! That really hurt!
You die...

##.## #.# #.
#.# .. #.#
##'## ##...##
##.gg..##
##.......##
#....@)...####
+.........'...
#.........###
##.......##
##.....##
##...## ##'##
#.# #.#


You could see 2 gnolls.

Vanquished Creatures
  A gnoll (D:2)
  A worm (D:2)
  A dart slug (D:1)
  An endoplasm (D:1)
  A giant cockroach (D:1)
  2 hobgoblins (D:1)
  3 kobolds
  A quokka (D:1)
  A ball python (D:1)
  A bat (D:1)
  3 frilled lizards
16 creatures vanquished.

Notes
Turn   | Place    | Note
-------+----------+-------------------------------------------
     0 | D:1      | ipx the Deep Elf Ice Elementalist began the quest for the
                  | Orb.
     0 | D:1      | Reached XP level 1. HP: 10/10 MP: 6/6
   109 | D:1      | Reached XP level 2. HP: 12/15 MP: 1/8
   151 | D:1      | Reached skill level 5 in Ice Magic
   357 | D:2      | Reached XP level 3. HP: 18/19 MP: 5/9
   360 | D:2      | Slain by a gnoll

Illustrated notes

Levels and vault maps discovered:
D:1:      minmay_arrival_plants_in_alcoves, layout_rooms
D:2:      layout_loops_corners, dreamdust_ecumenical_altar_statues,
          feat_on_display
D:3:      layout_basic, nicolae_overflow_crystal_walls,
          mainiacjoe_overflow_catwalk, serial_curves, eino_curves_02,
          eino_curves_01, serial_shops, nicolae_diamond_shop,
          minmay_misc_feat_doors, st_stairs_3, kennysheep_generic_room_5,
          uniq_jessica

Skill      XL: |  1  2 |
---------------+-------+-----
Ice Magic      | 5 |  5.5
Dodging        | |  2.4
Stealth        | |  2.4
Spellcasting   | |  3.0

Action                   || total
-------------------------++-------
Throw: Dart              ||    10
 Cast: Freeze            ||    22
Armor: Robe              ||     3
Dodge: Dodged            ||     8

Table legend: (Time is in decaauts)
 A = Elapsed time spent in this place.
 B = Non-inter-level travel time spent in this place.
 C = Inter-level travel time spent in this place.
 D = Time resting spent in this place.
 E = Time spent auto-exploring this place.
 F = Levels seen in this place.
 G = Mean time per level.
                   A        B        C        D        E       F      G
               +--------+--------+--------+--------+--------+-----+--------+
         Total |    361 |    361 |      0 |      0 |      0 |   3 |  120.3 |
       Dungeon |    361 |    361 |      0 |      0 |      0 |   3 |  120.3 |
               +--------+--------+--------+--------+--------+-----+--------+

Top non-repeatable levels by time:
     D:1: 192 daAuts
     D:2: 166 daAuts
     D:3: 1 daAuts
